Map: 克哈裂痕

Players

jinjing

  • Race: Terran Terran
  • Spawn Location: 7:00

Seven

  • Race: Terran Terran
  • Spawn Location: 7:00

VOD

Have the link to the VOD?

Description

Time

  • Played on: Feb. 26, 2018, midnight
  • Length: 16:15
Show
View Real Time Build Order
Export as new Build Order

jinjing Terran 

Build Orders:  

Get SALT Encoding   

  12  0:06  SCV  
  13  0:23  SCV  
  13  0:25  Supply Depot  
  15  0:40  SCV  
  15  0:48  Factory  
  15  0:58  SCV  
  16  1:03  Refinery  
  16  1:15  Refinery  
  17  1:20  SCV  
  17  1:37  SCV  
  18  1:54  Perdition Turret, SCV  
  19  2:04  Factory Tech Reactor  
  20  2:11  SCV  
  20  2:19  Devastation Turret  
  21  2:30  SCV  
  21  2:43  Starport  
  21  2:50  Perdition Turret  
  21  2:59  SCV  
  22  3:02  Upgrade Laser Drill Level 1  
  22  3:15  Armory  
  22  3:16  SCV  
  22  3:18  Supply Depot  
  23  3:33  Starport Tech Reactor  
  23  3:48  Hercules  
  27  3:51  SCV  
  27  4:08  SCV  
  28  4:13  Engineering Bay  
  28  4:24  SCV  
  30  4:41  SCV  
  30  4:48  Supply Depot  
  30  4:53  Fire-Suppression Systems  
  30  4:56  Perdition Turret  
  30  4:58  SCV  
  31  5:14  Devastation Turret  
  31  5:17  Upgrade Laser Drill Level 2  
  31  5:19  Devastation Turret  
  31  5:32  Spinning Dizzy  
  31  5:50  Perdition Turret  
  31  6:15  SCV  
  32  6:20  KMC Auto-Loaders  
  33  6:32  SCV  
  33  6:46  Spinning Dizzy  
  33  6:49  Spinning Dizzy, SCV  
  34  6:52  Spinning Dizzy  
  34  6:53  Devastation Turret  
  34  6:57  Hercules  
  37  7:06  Devastation Turret  
  37  7:35  Spinning Dizzy  
  37  7:37  Spinning Dizzy  
  37  7:42  Devastation Turret  
  37  7:48  Spinning Dizzy  
  37  7:50  Hi-Sec Auto Tracking  
  37  8:13  Devastation Turret  
  37  8:15  Spinning Dizzy  
  37  8:23  Supply Depot  
  37  8:25  Devastation Turret  
  37  8:53  Hercules  
  40  9:24  Spinning Dizzy  
  40  9:27  Devastation Turret  
  40  9:29  Devastation Turret  
  40  9:30  Spinning Dizzy  
  40  9:43  Devastation Turret  
  40  10:07  Devastation Turret  
  40  10:09  Devastation Turret  
  40  10:12  Devastation Turret  
  40  10:48  Devastation Turret  
  40  10:51  Devastation Turret  
  40  10:53  Devastation Turret  
  40  10:59  Spinning Dizzy  
  39  11:43  Devastation Turret  
  39  11:46  Devastation Turret  
  39  11:59  Perdition Turret  
  39  12:00  Devastation Turret  
  39  12:01  Devastation Turret  
  39  12:03  Devastation Turret  
  38  12:52  Spinning Dizzy  
  38  12:53  Spinning Dizzy  
  38  12:56  Devastation Turret  
  38  12:59  Devastation Turret  
  38  13:01  Devastation Turret x2  
  38  13:11  Devastation Turret  
  38  13:12  Devastation Turret  
  38  13:14  Devastation Turret  
  38  13:16  Devastation Turret  
  38  13:17  Devastation Turret  
  35  13:29  Devastation Turret  
  35  13:30  Devastation Turret  
  35  13:36  Perdition Turret  
  35  13:46  Devastation Turret  
  35  13:53  Devastation Turret  
  35  13:54  Devastation Turret  
  35  13:57  Devastation Turret  
  35  13:59  Devastation Turret  
  35  14:04  Devastation Turret  
  35  14:24  Devastation Turret  
Show
View Real Time Build Order
Export as new Build Order

Seven Terran 

Build Orders:  

Get SALT Encoding   

Tags
 
Commander
RaynorSwann
Matchup
Co-op
Replay Pack
Co-op Speedrun
Add a new tag
Caveats
  • Supply blocks, unpowered buildings, or Contaminate may cause inaccurate times.
  • Supply counts are checked every 10 seconds.